 Dungeon Crawl Stone Soup version 0.30-a0-1103-g25895a7845 (webtiles) character file.

Game seed: 7848912885139808508

4312 Jeffwins the Firebug (level 10, 0/68 HPs)
             Began as a Human Wanderer on Apr 18, 2023.
             Was a Believer of Vehumet.
             Killed from afar by Erica (19 damage)
             ... with a bolt of light
             ... on level 9 of the Dungeon.
             The game lasted 00:15:53 (10721 turns).

Jeffwins the Firebug (Human Wanderer)              Turns: 10721, Time: 00:15:54

Health: 0/68       AC:  5    Str:  5    XL:     10   Next: 58%
Magic:  1/18       EV: 18    Int: 21    God:    Vehumet [**....]
Gold:   1529       SH:  5    Dex: 19    Spells: 13/20 levels left

rFire   + . .      SeeInvis .    B - +3 rapier (venom)
rCold   + . .      Faith    .    H - +0 buckler
rNeg    . . .      Spirit   .    u - +1 robe of Exclusion {Rampage Str-5 Int+2 Slay+2}
rPois   .          Reflect  .    v - +0 helmet
rElec   .          Rampage  +    h - scarf {rC+ rF+}
rCorr   .                        (no gloves)
Will    .....                    d - +0 pair of boots
Stlth   +++                      D - amulet of the acrobat
HPRegen 0.31/turn                E - +5 ring of evasion
MPRegen 0.16/turn                X - +6 ring of dexterity

@: no status effects
A: no striking features
a: Renounce Religion


You were on level 9 of the Dungeon.
You worshipped Vehumet.
Vehumet was pleased with you.
You visited 2 branches of the dungeon, and saw 10 of its levels.
You also visited: Bailey.

You collected 1529 gold pieces.


   Skills:
 + Level 2.4 Fighting
 * Level 3.0 Ranged Weapons
 + Level 3.3 Throwing
 + Level 3.6 Dodging
 + Level 4.4 Stealth
 + Level 2.8 Shields
 * Level 5.5 Spellcasting
 * Level 5.3 Conjurations
 - Level 4.0 Transmutations
 * Level 6.3 Fire Magic
 + Level 2.3 Air Magic
 + Level 4.7 Poison Magic
 + Level 3.2 Evocations


You had 13 spell levels left.
You knew the following spells:

 Your Spells              Type           Power      Damage    Failure   Level
m - Mephitic Cloud        Conj/Pois/Air  23%        N/A       8%          3
x - Scorch                Fire           64%        2d7       1%          2
z - Foxfire               Conj/Fire      100%       2x1d9     1%          1
X - Sting                 Tmut/Pois      96%        1d7       2%          1

Your spell library contained the following spells:

 Spells                   Type           Power      Damage    Failure   Level
 Kiss of Death            Conj/Necr      68%        2d10      4%          1
 Inner Flame              Hex/Fire       19%        N/A       11%         3
 Flame Wave               Conj/Fire      30%        2d9       12%         4
 Apportation              Tloc           10%        N/A       14%         1
 Necrotise                Necr           20%        1d5       14%         1
 Summon Small Mammal      Summ           20%        N/A       14%         1
 Confusing Touch          Hex            5%         N/A       38%         3
 Dispel Undead            Necr           5%         3d7       80%         4

Inventory:

Hand Weapons
 a - a +1 dagger of venom
 w - a +3 war axe
 B - a +3 rapier of venom (weapon)
 G - a +1 spear of flaming
 J - a +0 shortbow
Missiles
 c - 13 poisoned darts (quivered)
 t - 4 curare-tipped darts {=f}
 I - 2 throwing nets {=f}
Armour
 d - a +0 pair of boots (worn)
 h - a scarf of resistance (worn)
 u - the +1 robe of Exclusion (worn) {Rampage Str-5 Int+2 Slay+2}
   (You found it on level 3 of the Dungeon)

   Str:       It affects your strength (-5).
   Int:       It affects your intelligence (+2).
   Slay:      It affects your accuracy & damage with ranged weapons and melee
   (+2).
   Rampage:   It bestows one free step when moving towards enemies.
 v - a +0 helmet (worn)
 H - a +0 buckler (worn)
Jewellery
 D - an amulet of the acrobat (around neck)
 E - a +5 ring of evasion (left hand)
 X - a +6 ring of dexterity (right hand)
Wands
 A - a wand of flame (44)
 N - a wand of light (4)
Scrolls
 e - 2 scrolls of fear
 f - a scroll of brand weapon
 j - a scroll of butterflies
 k - 2 scrolls of poison {unknown}
 m - 2 scrolls of amnesia {unknown}
 p - a scroll of blinking
 q - 3 scrolls of vulnerability {!r}
 x - 4 scrolls of teleportation {unknown}
 y - a scroll of immolation {!r}
 z - a scroll of torment {!r}
 K - a scroll of enchant armour {unknown}
Potions
 b - 2 potions of attraction {!q}
 g - a potion of invisibility {unknown}
 i - 4 potions of curing {@q1}
 l - 2 potions of lignification {!q}
 n - a potion of magic {unknown}
 o - a potion of degeneration {unknown}
 r - 3 potions of might
 s - 5 potions of brilliance {unknown}
 C - a potion of heal wounds {unknown}
 F - a potion of flight {unknown}
 L - 2 potions of mutation {unknown}
 M - a potion of resistance {unknown}

Dungeon Overview and Level Annotations

Branches:
Dungeon (9/15)             Temple (1/1) D:5          Bailey (visited)
   Lair: D:8-11         Orc: D:9-12

Altars:
Ashenzari
Cheibriados
Dithmenos
Fedhas
Gozag
Hepliaklqana
Kikubaaqudgha
Makhleb
Nemelex Xobeh
Okawaru
Qazlal
Ru
Sif Muna
Trog
Vehumet
Wu Jian
Xom
Yredelemnul

Annotations:
D:9 Erica

#. .▒ ##. .. ..
.▒ #. .▒ #.##
.▒ #..# .▒
#..#####°▒
#.....@@)▒
.........####)▒
.######..# .▒
#..# gg #..#
### .... #.###
..


You could see Erica.


Message History

Erica gestures at you while chanting. You resist with significant effort.
Unknown command.
Aiming: Bolt of Light
Press: ? - help, Shift-Dir - straight line, f/p - Erica
Aim: Erica, wielding a +0 scimitar of flaming, wearing a +1 robe of willpower and carrying a wand of light (2) (noxious fumes, lightly wounded, blind, 71% to hit)
The bolt of light hits Erica!
Erica is heavily wounded.
Erica is engulfed in noxious fumes.
Unknown command.
Aiming: Bolt of Light
Press: ? - help, Shift-Dir - straight line, f/p - Erica
Aim: Erica, wielding a +0 scimitar of flaming, wearing a +1 robe of willpower and carrying a wand of light (2) (heavily wounded, wandering, blind, hasn't noticed you, 71% to hit)
The bolt of light hits Erica!
Erica is severely wounded.
Erica looks angry.
Unknown command.
Okay, then.
You rampage towards Erica!
Erica is engulfed in noxious fumes.
Erica completely misses you.
There is a stone staircase leading up, spattered with blood here.
Unknown command.
You closely miss Erica.
Erica is severely wounded.
Erica is no longer blind.
Erica misses you.
Unknown command.
You hit Erica but do no damage.
Erica is severely wounded.
Erica zaps a wand.
The bolt of light hits you!!
You die...

Skill      XL: |  1  2  3  4  5  6  7  8  9 10 |
---------------+-------------------------------+-----
Conjurations   | 1 2 3 4 5 |  5.3
Transmutations | 1 2 3 4 |  4.0
Dodging        | 1 2 3 |  3.6
Spellcasting   | 3 4 5 |  5.5
Throwing       | 1 2 3 |  3.3
Poison Magic   | 4 |  4.7
Fire Magic     | 4 5 6 |  6.3
Evocations     | 1 2 3 |  3.2
Stealth        | 3 4 |  4.4
Shields        | 1 2 |  2.8
Fighting       | 2 |  2.4
Ranged Weapons | 2 3 |  3.0
Air Magic      | 1 2 |  2.3

Action                     |  1- 3 |  4- 6 |  7- 9 | 10-12 || total
---------------------------+-------+-------+-------+-------++-------
  Melee: Dagger            |    33 |    12 |    45 |       ||    90
         War axe           |       |    11 |     4 |       ||    15
         Spear             |       |       |     2 |       ||     2
         Rapier            |       |       |    17 |    24 ||    41
  Throw: Dart              |       |       |    12 |     4 ||    16
   Cast: Foxfire           |    59 |   134 |   267 |    64 ||   524
         Mephitic Cloud    |       |       |     4 |     6 ||    10
         Scorch            |       |       |       |     9 ||     9
  Evoke: Wand              |       |       |     1 |     3 ||     4
    Use: Potion            |       |     1 |     3 |     1 ||     5
         Scroll            |       |       |    13 |       ||    13
   Stab: Sleeping          |     2 |     1 |     1 |       ||     4
         Distracted        |       |       |     1 |       ||     1
 Armour: Robe              |    13 |    12 |    18 |       ||    43
         Skin              |       |       |    21 |       ||    21
  Dodge: Dodged            |    28 |    27 |   135 |    37 ||   227
  Block: Buckler           |       |       |    21 |    10 ||    31

Levels and vault maps discovered:
D:1:      amcnicky_arrival_double_pillar, layout_loops_ring
D:2:      layout_loops_cross, basic_altar
D:3:      layout_loops_ring, mainiacjoe_overflow_small_starburst, uniq_grinder
D:4:      layout_basic, nicolae_dithmenos_shadow_blocks
D:5:      layout_basic, nemelex_altar_shiori,
          minmay_temple_entry_gardened_gates, minmay_holes, uniq_eustachio
D:6:      nicolae_cairo_tiling_large_dashed, layout_loops_ring,
          nicolae_wu_jian_wuxing_cycle
D:7:      layout_gridville, cheibriados_altar_1, enter_bailey_5
D:8:      layout_gridville, nicolae_sif_muna_condensation, kennysheep_mini,
          jmf_multi_god_temple, nzn_makhleb_speed_demon, nicolae_wwwww,
          serial_bayou_lake_a
D:9:      nzn_winding_woodlands_cross [nzn_winding_woodlands_5x15_split_checker,
          nzn_winding_woodlands_5x15_eye, nzn_winding_woodlands_5x15_longhouse,
          nzn_winding_woodlands_5x15_concentric,
          nzn_winding_woodlands_15x15_eel_pit], layout_loops_ring,
          good_gods_temple_1, eat_drink_and_be_merry_uskayaw, minivault_15,
          uniq_grum, uniq_erica
Temple:   hellmonk_temple_flake

Notes
Turn   | Place    | Note
-------+----------+-------------------------------------------
     0 | D:1      | Jeffwins the Human Wanderer began the quest for the Orb.
     0 | D:1      | Jeffwins set off with the following items: a +0 dagger, a
                  | potion of attraction {!q}, a +0 robe, a +0 pair of boots;
                  | and the following spells available to memorise: Foxfire,
                  | Sting, Inner Flame, Mephitic Cloud, Flame Wave.
     0 | D:1      | Reached XP level 1. HP: 13/13 MP: 3/3
     2 | D:1      | Learned a level 1 spell: Foxfire
     4 | D:1      | Learned a level 1 spell: Sting
   179 | D:1      | Reached XP level 2. HP: 19/19 MP: 1/5
   518 | D:1      | Identified a scarf of resistance
   546 | D:1      | Reached XP level 3. HP: 24/24 MP: 1/6
   713 | D:1      | Reached skill level 1 in Conjurations
   991 | D:1      | Reached skill level 1 in Transmutations
  1435 | D:2      | Reached XP level 4. HP: 30/30 MP: 3/7
  1840 | D:2      | Found a shimmering altar of Xom.
  2421 | D:3      | Identified the +1 robe of Exclusion {Rampage Str-5 Int+2
                  | Slay+2}
  2753 | D:3      | Reached XP level 5. HP: 35/35 MP: 4/8
  2909 | D:3      | Found a stormy altar of Qazlal.
  3015 | D:3      | Noticed Grinder
  3035 | D:3      | Paralysed by Grinder for 4 turns
  3041 | D:3      | Killed Grinder
  3042 | D:3      | Reached skill level 1 in Dodging
  3042 | D:3      | Reached skill level 3 in Spellcasting
  3042 | D:3      | Reached skill level 2 in Conjurations
  3042 | D:3      | Reached skill level 2 in Transmutations
  3042 | D:3      | Reached XP level 6. HP: 6/41 MP: 2/10
  3757 | D:4      | Found a shadowy altar of Dithmenos.
  4269 | D:4      | Reached XP level 7. HP: 43/46 MP: 3/11
  4272 | D:4      | Reached skill level 1 in Throwing
  4272 | D:4      | Reached skill level 4 in Poison Magic
  4286 | D:4      | Reached skill level 4 in Fire Magic
  4814 | D:5      | Entered Level 5 of the Dungeon
  5038 | D:5      | Reached skill level 3 in Transmutations
  5049 | D:5      | Reached skill level 2 in Dodging
  5049 | D:5      | Reached skill level 1 in Evocations
  5053 | D:5      | Reached XP level 8. HP: 52/52 MP: 0/13
  5182 | D:5      | Reached skill level 3 in Conjurations
  5301 | D:5      | Reached skill level 3 in Stealth
  5739 | D:5      | Found a staircase to the Ecumenical Temple.
  5789 | D:5      | HP: 4/78 [gnoll/+0 spear[a gnoll sergeant] (6)]
  5794 | D:5      | Reached skill level 4 in Spellcasting
  5817 | Temple   | Entered the Ecumenical Temple
  6122 | Temple   | Became a worshipper of Vehumet
  6267 | D:5      | Found a sparkling altar of Nemelex Xobeh.
  6354 | D:5      | Noticed Eustachio
  6443 | D:6      | Reached skill level 2 in Throwing
  6784 | D:6      | Killed Eustachio
  6785 | D:6      | Reached skill level 5 in Fire Magic
  6910 | D:6      | Found an ornate altar of the Wu Jian Council.
  6936 | D:6      | Reached skill level 1 in Shields
  6936 | D:6      | Reached skill level 4 in Transmutations
  6936 | D:6      | Reached skill level 2 in Evocations
  6936 | D:6      | Reached XP level 9. HP: 58/58 MP: 7/15
  6940 | D:6      | Learned a level 3 spell: Mephitic Cloud
  7045 | D:6      | Reached skill level 4 in Conjurations
  7266 | D:6      | Reached skill level 1 in Fighting
  7790 | D:7      | Found a flagged portal.
  7810 | D:7      | Found a snail-covered altar of Cheibriados.
  7865 | Bailey   | Entered a bailey
  7870 | Bailey   | Noticed an orc warlord
  8076 | Bailey   | Reached * piety under Vehumet
  8076 | Bailey   | Offered knowledge of Sandblast by Vehumet.
  8196 | Bailey   | Found a runed translucent gate.
  8199 | Bailey   | Found a runed translucent gate.
  8201 | Bailey   | Found a runed translucent gate.
  8290 | Bailey   | Reached skill level 1 in Ranged Weapons
  8608 | D:7      | Acquired 1058 gold pieces
  8694 | D:7      | Reached skill level 1 in Air Magic
  8845 | D:7      | Reached skill level 3 in Dodging
  9141 | D:8      | Found a shimmering blue altar of Sif Muna.
  9227 | D:8      | Noticed a hornet
  9240 | D:8      | Killed a hornet
  9241 | D:8      | Reached skill level 2 in Shields
  9246 | D:8      | Noticed a two-headed ogre
  9273 | D:8      | Killed a two-headed ogre
  9274 | D:8      | Reached skill level 2 in Fighting
  9274 | D:8      | Reached skill level 2 in Ranged Weapons
  9274 | D:8      | Reached skill level 3 in Throwing
  9274 | D:8      | Reached skill level 4 in Stealth
  9274 | D:8      | Reached skill level 5 in Spellcasting
  9274 | D:8      | Reached XP level 10. HP: 17/67 MP: 11/17
  9454 | D:8      | Found an iron altar of Okawaru.
  9454 | D:8      | Found an opulent altar of Gozag.
  9539 | D:8      | Reached skill level 6 in Fire Magic
  9539 | D:8      | Reached skill level 3 in Evocations
  9542 | D:8      | Reached skill level 5 in Conjurations
  9628 | D:8      | Found a runed translucent door.
  9630 | D:8      | Found a burning altar of Makhleb.
  9630 | D:8      | Noticed a sixfirhy
  9657 | D:8      | Killed a sixfirhy
  9658 | D:8      | Reached skill level 2 in Air Magic
 10447 | D:8      | Found an ancient bone altar of Kikubaaqudgha.
 10495 | D:8      | Offered knowledge of Scorch by Vehumet.
 10497 | D:8      | Reached ** piety under Vehumet
 10576 | D:8      | Learned a level 2 spell: Scorch
 10708 | D:9      | Reached skill level 3 in Ranged Weapons
 10711 | D:9      | Noticed Erica
 10721 | D:9      | Killed from afar by Erica

Vanquished Creatures
  A two-headed ogre (D:8)
  A sixfirhy (D:8)
  Grinder (D:3)
  A hornet (D:8)
  Eustachio (D:6)
  A steam dragon (D:7)
  A water moccasin (D:8)
  2 black bears
  A sky beast (D:7)
  4 orc warriors
  2 ogres
  A centaur (D:6)
  3 gnoll sergeants
  A scorpion (D:6)
  3 wights (D:8)
  5 electric eels (D:8)
  3 jellies
  3 orc priests (D:8)
  2 hounds
  3 iguanas
  10 orc wizards
  A sleepcap (D:6)
  15 gnolls
  8 adders
  A shadow imp (D:8)
  2 dart slugs
  28 orcs
  5 endoplasms
  6 giant cockroaches
  18 goblins
  5 hobgoblins
  7 jackals
  2 quokkas (D:1)
  7 ball pythons
  6 bats
  4 frilled lizards
  18 kobolds
  3 rats
186 creatures vanquished.

Vanquished Creatures (collateral kills)
  7 foxfires (D:8)
7 creatures vanquished.

Vanquished Creatures (others)
  930 foxfires
  13 plants
943 creatures vanquished.

Grand Total: 1136 creatures vanquished

Table legend: (Time is in decaauts)
 A = Elapsed time spent in this place.
 B = Non-inter-level travel time spent in this place.
 C = Inter-level travel time spent in this place.
 D = Time resting spent in this place.
 E = Time spent auto-exploring this place.
 F = Levels seen in this place.
 G = Mean time per level.
                   A        B        C        D        E       F      G
               +--------+--------+--------+--------+--------+-----+--------+
         Total |  10809 |  10480 |    329 |    649 |   8220 |  11 |  982.6 |
       Dungeon |   9728 |   9424 |    304 |    490 |   7529 |   9 | 1080.9 |
        Temple |    321 |    296 |     25 |      0 |    285 |   1 |  321.0 |
        Bailey |    760 |    760 |      0 |    159 |    406 |   1 |  760.0 |
               +--------+--------+--------+--------+--------+-----+--------+

Top non-repeatable levels by time:
     D:8: 1664 daAuts
     D:3: 1384 daAuts
     D:5: 1236 daAuts
     D:1: 1202 daAuts
     D:4: 1179 daAuts
     D:2: 1126 daAuts
     D:6: 1086 daAuts
     D:7: 814 daAuts
  Bailey: 760 daAuts
  Temple: 321 daAuts
     D:9: 34 daAuts

Table legend:
 A = Non-vault XP
 B = Vault XP
 C = Vault XP percentage of total XP
 D = Non-vault monster count
 E = Vault monster count
 F = Vault count percentage of total count
                 A         B        C        D         E       F
            +---------+---------+-------+---------+---------+-------
      Total |    4224 |    1936 |  31.4 |     158 |      28 |  15.1
            +---------+---------+-------+---------+---------+-------
        D:1 |      58 |       0 |   0.0 |      25 |       0 |   0.0
        D:2 |      53 |       0 |   0.0 |      19 |       0 |   0.0
        D:3 |      89 |     277 |  75.7 |      20 |       1 |   4.8
        D:4 |     179 |       0 |   0.0 |      21 |       0 |   0.0
        D:5 |     783 |       0 |   0.0 |      22 |       0 |   0.0
        D:6 |     740 |     208 |  21.9 |      15 |       1 |   6.2
        D:7 |     393 |       8 |   2.0 |       8 |       4 |  33.3
        D:8 |    1771 |    1032 |  36.8 |      22 |       3 |  12.0
        D:9 |     158 |       0 |   0.0 |       6 |       0 |   0.0
     Bailey |       0 |     411 | 100.0 |       0 |      19 | 100.0
            +---------+---------+-------+---------+---------+-------
